 Dungeon Crawl Stone Soup version 0.30-a0-782-ge64f9170bb (webtiles) character file.

Game seed: 4086681619100238022

173 senseless the Charlatan (level 5, -4/37 HPs)
             Began as a Gnoll Wanderer on Mar 17, 2023.
             Slain by Crazy Yiuf
             ... wielding a +4 quarterstaff of chaos
              (15 damage)
             ... on level 3 of the Dungeon.
             The game lasted 00:07:52 (3089 turns).

senseless the Charlatan (Gnoll Wanderer)            Turns: 3089, Time: 00:07:53

Health: -4/37      AC:  6    Str: 18    XL:     5   Next: 53%
Magic:  17/18      EV: 13    Int:  9    God:
Gold:   107        SH:  0    Dex: 13    Spells: 9/10 levels left

rFire   + . .      SeeInvis .      - Unarmed
rCold   + . .      Faith    .    (no shield)
rNeg    . . .      Spirit   .    v - +0 robe "Ollisihy" {Will+ Str+4}
rPois   +          Reflect  .    (helmet currently unavailable)
rElec   +          Harm     .    (no cloak)
rCorr   +          Rampage  .    (no gloves)
Will    +....                    (boots currently unavailable)
Stlth   ++                       (no amulet)
HPRegen 0.26/turn                s - +4 ring of protection
MPRegen 0.16/turn                p - ring of magical power

@: appendages, resistant
A: horns 2, talons 2, fangs 1, strong nose, distributed training
a: End Transformation


You were on level 3 of the Dungeon.
You had temporarily grown beastly horns and talons.
You visited 1 branch of the dungeon, and saw 3 of its levels.

You collected 107 gold pieces.

Inventory:

Hand Weapons
 a - a +0 dagger of freezing
 g - a +1 sling of flaming
Missiles
 b - 4 throwing nets
 f - 6 javelins
Armour
 e - a +1 leather armour
 o - a +0 helmet (melded)
 v - the +0 robe "Ollisihy" (worn) {Will+ Str+4}
   (You found it on level 3 of the Dungeon)

   Str:       It affects your strength (+4).
   Will:      It increases your willpower.
Magical Staves
 m - a staff of air
Jewellery
 p - a ring of magical power (right hand)
 s - a +4 ring of protection (left hand)
 u - a ring of resist corrosion
 x - a +6 ring of intelligence
Wands
 c - a wand of polymorph (3)
 t - a wand of roots (2)
Scrolls
 h - a scroll of enchant armour
 i - a scroll of poison
 k - 2 scrolls of teleportation
 l - a scroll of noise {unknown}
 r - 2 scrolls of identify {unknown}
 y - a scroll of enchant weapon
Potions
 d - a potion of attraction
 j - a potion of might {unknown}
 n - a potion of flight {unknown}
 q - a potion of curing {unknown}
 w - a potion of heal wounds {unknown}


   Skills:
 + Level 1.6 Fighting
 + Level 1.6 Short Blades
 + Level 1.6 Long Blades
 + Level 1.6 Axes
 + Level 1.6 Maces & Flails
 + Level 1.6 Polearms
 + Level 1.6 Staves
 + Level 1.6 Ranged Weapons
 + Level 1.6 Throwing
 + Level 1.6 Armour
 + Level 4.8 Dodging
 + Level 1.6 Stealth
 + Level 1.6 Shields
 + Level 1.6 Unarmed Combat
 + Level 3.2 Spellcasting
 + Level 1.2 Conjurations
 + Level 1.2 Hexes
 + Level 1.2 Summonings
 + Level 1.2 Necromancy
 + Level 1.2 Translocations
 + Level 5.5 Transmutations
 + Level 1.2 Fire Magic
 + Level 1.2 Ice Magic
 + Level 1.2 Air Magic
 + Level 1.2 Earth Magic
 + Level 1.2 Poison Magic
 + Level 3.1 Invocations
 + Level 6.7 Evocations


You had 9 spell levels left.
You knew the following spells:

 Your Spells              Type           Power      Damage    Failure   Level
a - Beastly Appendage     Tmut           22%        N/A       3%          1

Your spell library contained the following spells:

 Spells                   Type           Power      Damage    Failure   Level
 Passwall                 Tmut/Erth      5%         N/A       11%         2
 Sandblast                Erth           6%         2d5       17%         1
 Shock                    Conj/Air       12%        1d3       17%         1
 Ignite Poison            Fire/Tmut/Pois 6%         N/A       28%         3
 Kindle Blastsparks       Fire/Tloc/Air  6%         2d10      45%         3
 Stone Arrow              Conj/Erth      6%         3d7       45%         3
 Swiftness                Air            3%         N/A       45%         3
 Airstrike                Air            1%         2d(1-17)  86%         4
 Fulminant Prism          Conj/Hex       1%         3d5       86%         4
 Iskenderun's Mystic Bla  Conj/Tloc      3%         2d3       86%         4
 Sticky Flame             Conj/Fire      3%         2d3       86%         4
 Lee's Rapid Deconstruct  Erth           1%         3d4*      99%         5
 Ignition                 Fire           1%         3d3       100%        8


Dungeon Overview and Level Annotations

Branches:
Dungeon (3/15)

Altars:
Nemelex Xobeh

Annotations:
D:3 Crazy Yiuf


Innate Abilities, Weirdness & Mutations

You have temporarily grown beastly horns and talons.
You have very sharp teeth.
Your uncanny sense of smell can sniff out nearby items.
Your experience applies equally to all skills.


Message History

No target in view!
No target in view!
No target in view!
No target in view!
No target in view!
Your transformation is almost over.
You see here a worm corpse.
You now have 107 gold pieces (gained 8).
Your horns disappear.
Your talons disappear.
Your +0 helmet unmelds from your body.
There is a stone staircase leading down here.
Found a stone staircase leading up.
You see here 2 stones.
There is a large open door here.
Things that are here:
a +0 hand axe; a +0 scale mail
There is a large open door here.
There is an open door here.
You see here a +0 ring mail.
Crazy Yiuf shouts!
Could not explore, unopened runed door.
You grow a pair of large bovine horns.
Your feet morph into talons.
Your +0 helmet melds into your body.
Crazy Yiuf grits, "Liver hog disdain!"
You open the door. You hit Crazy Yiuf but do no damage. You claw Crazy Yiuf.
Your headbutt misses Crazy Yiuf. Your bite misses Crazy Yiuf.
Crazy Yiuf is moderately wounded.
Crazy Yiuf hits you with a +4 quarterstaff of chaos!
You barely miss Crazy Yiuf. You headbutt Crazy Yiuf!
Crazy Yiuf is severely wounded.
Crazy Yiuf hits you with a +4 quarterstaff of chaos!
* * * LOW HITPOINT WARNING * * *
You feel protected.
You are too injured to fight recklessly!
You are too injured to fight recklessly!
You closely miss Crazy Yiuf. You claw Crazy Yiuf.
Crazy Yiuf is almost dead.
Crazy Yiuf hits you with a +4 quarterstaff of chaos!
You die...

.......##.....##.....##.......#
.......##.....##.(...##..††.>.#
........'.....').....##.......#
########################......#
........# #......# #####.###
#......# # #.###### ###
#......# # #......## ###..)#
#.###### # ##......####@g...#
#.# # ##......#..##...# ### #
##....#.### ### # ######## # #
# # #


You could see Crazy Yiuf.

Vanquished Creatures
  An orc priest (D:3)
  Terence (D:3)
  4 adders
  3 worms
  A dart slug (D:1)
  5 orcs (D:3)
  10 endoplasms
  2 giant cockroaches
  3 goblins
  6 hobgoblins
  9 jackals (D:1)
  6 ball pythons
  6 bats
  3 frilled lizards
  2 kobolds
  5 rats
67 creatures vanquished.

Notes
Turn   | Place    | Note
-------+----------+-------------------------------------------
     0 | D:1      | senseless the Gnoll Wanderer began the quest for the Orb.
     0 | D:1      | senseless set off with the following items: a +0 dagger, 4
                  | throwing nets, a wand of polymorph (3), a potion of
                  | attraction, a +0 leather armour; and the following spell
                  | memorised: Beastly Appendage; and the following spells
                  | available to memorise: Ignite Poison.
     0 | D:1      | Reached XP level 1. HP: 13/13 MP: 4/4
   153 | D:1      | Reached XP level 2. HP: 20/20 MP: 3/5
   344 | D:1      | Reached XP level 3. HP: 22/25 MP: 5/7
  1001 | D:2      | Found a sparkling altar of Nemelex Xobeh.
  1288 | D:2      | Reached skill level 1 in Fighting
  1288 | D:2      | Reached skill level 1 in Short Blades
  1288 | D:2      | Reached skill level 1 in Long Blades
  1288 | D:2      | Reached skill level 1 in Axes
  1288 | D:2      | Reached skill level 1 in Maces & Flails
  1288 | D:2      | Reached skill level 1 in Polearms
  1288 | D:2      | Reached skill level 1 in Staves
  1288 | D:2      | Reached skill level 1 in Ranged Weapons
  1288 | D:2      | Reached skill level 1 in Throwing
  1288 | D:2      | Reached skill level 1 in Armour
  1288 | D:2      | Reached skill level 1 in Stealth
  1288 | D:2      | Reached skill level 1 in Shields
  1288 | D:2      | Reached skill level 1 in Unarmed Combat
  1795 | D:2      | Reached XP level 4. HP: 32/32 MP: 6/8
  2389 | D:3      | Reached skill level 1 in Conjurations
  2389 | D:3      | Reached skill level 1 in Hexes
  2389 | D:3      | Reached skill level 1 in Summonings
  2389 | D:3      | Reached skill level 1 in Necromancy
  2389 | D:3      | Reached skill level 1 in Translocations
  2389 | D:3      | Reached skill level 1 in Fire Magic
  2389 | D:3      | Reached skill level 1 in Ice Magic
  2389 | D:3      | Reached skill level 1 in Air Magic
  2389 | D:3      | Reached skill level 1 in Earth Magic
  2389 | D:3      | Reached skill level 1 in Poison Magic
  2495 | D:3      | Noticed Terence
  2502 | D:3      | Killed Terence
  2535 | D:3      | Identified the +0 robe "Ollisihy" {Will+ Str+4}
  2571 | D:3      | Reached XP level 5. HP: 37/37 MP: 9/9
  2861 | D:3      | Found a runed translucent door.
  2862 | D:3      | Noticed Crazy Yiuf
  3089 | D:3      | Slain by Crazy Yiuf

Illustrated notes

Levels and vault maps discovered:
D:1:      dpeg_arrival_pits, layout_loops_ring, minmay_misc_feat_nine_boxes,
          minivault_25
D:2:      layout_basic, serial_forest, infiniplex_forest_fountain,
          infiniplex_forest_straight_5, infiniplex_forest_straight_3,
          infiniplex_forest_zigzag_1, infiniplex_forest_lined_ring,
          infiniplex_forest_fountain, infiniplex_forest_straight_2, basic_altar,
          minivault_5
D:3:      layout_basic, chequers_garden, uniq_terence, uniq_crazy_yiuf_cottage

Skill      XL: |  1  2  3  4 |
---------------+-------------+-----
Fighting       | 1 |  1.6
Short Blades   | 1 |  1.6
Long Blades    | 1 |  1.6
Axes           | 1 |  1.6
Maces & Flails | 1 |  1.6
Polearms       | 1 |  1.6
Staves         | 1 |  1.6
Ranged Weapons | 1 |  1.6
Throwing       | 1 |  1.6
Armour         | 1 |  1.6
Stealth        | 1 |  1.6
Shields        | 1 |  1.6
Unarmed Combat | 1 |  1.6
Spellcasting   | 3 |  3.2
Conjurations   | 1 |  1.2
Hexes          | 1 |  1.2
Summonings     | 1 |  1.2
Necromancy     | 1 |  1.2
Translocations | 1 |  1.2
Fire Magic     | 1 |  1.2
Ice Magic      | 1 |  1.2
Air Magic      | 1 |  1.2
Earth Magic    | 1 |  1.2
Poison Magic   | 1 |  1.2
Invocations    | 3 |  3.1
Dodging        | |  4.8
Transmutations | |  5.5
Evocations     | |  6.7

Action                     |  1- 3 |  4- 6 || total
---------------------------+-------+-------++-------
  Melee: Unarmed           |   156 |    86 ||   242
         Kick              |    38 |    21 ||    59
         Headbutt          |    17 |    10 ||    27
         Bite              |    16 |     9 ||    25
         Punch             |     1 |     2 ||     3
   Cast: Beastly Appendage |    32 |    15 ||    47
    Use: Scroll            |       |     7 ||     7
   Stab: Sleeping          |     1 |       ||     1
 Armour: Leather armour    |    38 |    16 ||    54
         Robe              |       |    14 ||    14
  Dodge: Dodged            |   120 |    45 ||   165

Table legend: (Time is in decaauts)
 A = Elapsed time spent in this place.
 B = Non-inter-level travel time spent in this place.
 C = Inter-level travel time spent in this place.
 D = Time resting spent in this place.
 E = Time spent auto-exploring this place.
 F = Levels seen in this place.
 G = Mean time per level.
                   A        B        C        D        E       F      G
               +--------+--------+--------+--------+--------+-----+--------+
         Total |   3082 |   2989 |     93 |     44 |   2372 |   3 | 1027.3 |
       Dungeon |   3082 |   2989 |     93 |     44 |   2372 |   3 | 1027.3 |
               +--------+--------+--------+--------+--------+-----+--------+

Top non-repeatable levels by time:
     D:2: 1406 daAuts
     D:1: 949 daAuts
     D:3: 726 daAuts
